 Dungeon Crawl Stone Soup version 0.15.0-12-gccce430 (webtiles) character file.

32 Kashira the Sneak (level 3, -6/28 HPs)
             Began as a Naga Enchanter on Sept 1, 2014.
             Mangled by a gnoll
             ... wielding a +0 flail
              (7 damage)
             ... on Level 2 of the Dungeon.
             The game lasted 00:05:53 (1428 turns).

Kashira the Sneak (Naga Enchanter)                  Turns: 1428, Time: 00:05:53

HP  -6/28        AC  3     Str 10      XL: 3   Next: 25%
MP   1/6         EV  9     Int 16      God:
Gold 8           SH  0     Dex 11      Spells:  2 memorised,  2 levels left

rFire  . . .     SeeInvis +     a - +1 dagger
rCold  . . .     Clarity  .     f - +0 leather armour
rNeg   . . .     rCorr    .     (no shield)
rPois  +         rRot     .     (no helmet)
rElec  .         Spirit   .     g - +0 cloak
SustAb .         Warding  .     (no gloves)
rMut   .         Stasis   .     (no barding)
Gourm  .                        (no amulet)
MR     .....                    (no ring)
                                (no ring)

@: short of breath, very slow, not resistant to hostile enchantments, fairly
stealthy
A: spit poison, see invisible, deformed body, poison resistance, slowness 2, AC
+1
a: Spit Poison


You were on level 2 of the Dungeon.
You were hungry.

You visited 1 branch of the dungeon, and saw 2 of its levels.

You collected 8 gold pieces.

Inventory:

Hand weapons
 a - a +1 dagger (weapon)
Armour
 f - a +0 leather armour (worn)
 g - a +0 cloak (worn)
Comestibles
 b - 6 fruits
 d - 2 bread rations
 l - 2 chunks of hobgoblin flesh
Scrolls
 e - a scroll of identify {unknown}
 j - a scroll of amnesia {unknown}
 k - a scroll of recharging {unknown}
Potions
 h - a potion of invisibility {unknown}
 i - a potion of curing {unknown}
Books
 c - a book of Maledictions

   Spells                             Type                      Level
   *Corona                            Hexes                        1
   Sure Blade                         Hexes/Charms                 2
   Ensorcelled Hibernation            Hexes/Ice                    2
   *Confuse                           Hexes                        3
   Dazzling Spray                     Conjuration/Hexes            3
   Enslavement                        Hexes                        4


   Skills:
 + Level 1.0 Short Blades
 + Level 0.4 Armour
 + Level 1.9 Dodging
 + Level 4.8 Stealth
 + Level 2.2 Spellcasting
 + Level 3.5 Hexes


You had 2 spell levels left.
You knew the following spells:

 Your Spells              Type           Power        Failure   Level  Hunger
a - Corona                Hex            ##.....      6%          1    #......
b - Confuse               Hex            ##......     14%         3    ####...


Dungeon Overview and Level Annotations

Branches:
Dungeon (2/15)

Altars:

Annotations:
D:2 Jessica, Sigmund


Innate Abilities, Weirdness & Mutations

You cannot wear boots.
You can spit poison.
Your serpentine skin is tough (AC +1).
You have supernaturally acute eyesight.
Armour fits poorly on your strangely shaped body.
Your system is resistant to poisons.
You cover ground very slowly.


Message History

The gnoll hits you with a flail.
Jessica the Apprentice Sorceress comes into view.
You have got your breath back.
The gnoll hits you with a flail!
* * * LOW HITPOINT WARNING * * *
Use which ability? (? or * to list)
Press: ? - help, Shift-Dir - straight line, f/p - gnoll
Aim: a gnoll, wielding a flail (lightly wounded)
Okay, then.
Casting: Confuse
Confirm with . or Enter, or press ? or * to list all spells.
You don't have enough magic to cast that spell.
Use which ability? (? or * to list)
Press: ? - help, Shift-Dir - straight line, f/p - gnoll
Aim: a gnoll, wielding a flail (lightly wounded)
The splash of poison hits the gnoll.
The gnoll is poisoned.
The gnoll is moderately wounded.
You are feeling hungry.
The gnoll hits you with a flail!
You die...

..######.#.#####.# #
###..............# ####### #
###.####.#.####..# #.....# #
.....# #.#.####..# #.# #>####
###..# #......g..# #.# #.....
#..# ##..####.# #)###.#### #..#
#..####.# #...(.#
###.>####..##..g###### ###.###
........g.....#.@....# #.#
#########..##...####.#####.######
# #..#..K## #.....)%)..... #
#....... ########.####. # #......
#.# #. #########...... #.# #.
............... #.# #.
#########.....@ #.# #. # . ....
#.####.


You could see 2 gnolls and a kobold.

Vanquished Creatures
  A worm (D:2)
  2 giant cockroaches (D:2)
  A hobgoblin (D:2)
  3 ball pythons
  3 bats
  3 goblins
  4 jackals (D:2)
  7 kobolds
  2 rats (D:2)
26 creatures vanquished.

Notes
Turn   | Place    | Note
--------------------------------------------------------------
     0 | D:1      | Kashira, the Naga Enchanter, began the quest for the Orb.
     0 | D:1      | Reached XP level 1. HP: 15/15 MP: 3/3
   482 | D:1      | Reached XP level 2. HP: 20/22 MP: 4/4
  1184 | D:2      | Noticed Sigmund
  1228 | D:2      | Reached XP level 3. HP: 28/28 MP: 4/6
  1233 | D:2      | Learned a level 3 spell: Confuse
  1427 | D:2      | Noticed Jessica
  1427 | D:2      | HP: 1/28 [gnoll/flail (11)]
  1428 | D:2      | Mangled by a gnoll

Action                   || total
-------------------------++-------
Melee: Dagger            ||    22
 Cast: Corona            ||     2
       Confuse           ||     3
 Abil: Spit Poison       ||    28
 Stab: Sleeping          ||     1
       Confused          ||     1
  Eat: Chunk             ||     3
